 Dungeon Crawl Stone Soup version 0.19-a0-1051-gdb7e7f8 (webtiles) character file.

125 Jmtri7 the Sneak (level 4, 0/36 HPs)
             Began as a Demigod Assassin on Aug 1, 2016.
             Slain by a goblin
             ... wielding a +0 dagger
              (4 damage)
             ... on level 3 of the Dungeon.
             The game lasted 00:08:50 (2351 turns).

Jmtri7 the Sneak (Demigod Assassin)                 Turns: 2351, Time: 00:08:50

Health: 0/36       AC:  4    Str: 14    XL:     4   Next: 53%
Magic:  6/6        EV: 12    Int: 15    God:
Gold:   94         SH:  0    Dex: 19    Spells: 0 memorised, 3 levels left

rFire  . . .     SeeInvis .     a - +2 dagger
rCold  . . .     Gourm    .     c - +0 robe
rNeg   . . .     Faith    .     (no shield)
rPois  .         Spirit   .     (no helmet)
rElec  .         Dismiss  +     d - +0 cloak
rCorr  .         Reflect  .     j - +0 pair of gloves
SustAt +         Harm     .     (no boots)
MR     .....                    q - amulet of dismissal
Stlth  +++.......               (no ring)
                                (no ring)

@: not resistant to hostile enchantments, fairly stealthy
A: high mp 1, sustain attributes
a: no special abilities


You were on level 3 of the Dungeon.
You were not hungry.

You visited 1 branch of the dungeon, and saw 3 of its levels.

You collected 94 gold pieces.

Inventory:

Hand Weapons
 a - a +2 dagger (weapon)
 b - a +0 blowgun
Missiles
 e - 38 poisoned needles
 f - 2 curare-tipped needles
Armour
 c - a +0 robe (worn)
 d - a +0 cloak (worn)
 j - a +0 pair of gloves (worn)
Jewellery
 q - an amulet of dismissal (around neck)
 v - an uncursed amulet of regeneration {unknown}
Scrolls
 h - 7 scrolls of identify
 n - a scroll of magic mapping {unknown}
 t - a scroll of fog {unknown}
 u - a scroll of blinking {unknown}
 w - a scroll of immolation {unknown}
Potions
 s - a potion of might {unknown}
Comestibles
 g - 2 bread rations
 i - 7 chunks of flesh
 k - a slice of pizza
 l - a beef jerky
 m - 8 fruits
 p - a meat ration


   Skills:
 - Level 1.7 Fighting
 - Level 1.7 Short Blades
 - Level 1.7 Throwing
 - Level 0.8 Dodging
 + Level 6.0 Stealth


You had 3 spell levels left.
You didn't know any spells.

Dungeon Overview and Level Annotations

Branches:
Dungeon (3/15)


Innate Abilities, Weirdness & Mutations

You have an increased reservoir of magic. (+10% MP)
Your attributes are resistant to harm.


Message History

The worm is heavily wounded.
You hit the worm.
The worm is severely wounded.
The worm completely misses you.
You hit the worm.
The worm is severely wounded.
You hit the worm.
You kill the worm!
Your Stealth skill increases to level 6!
You start resting.
Some of the chunks of flesh in your inventory have rotted away.
A goblin comes into view. It is wielding a dagger.
A goblin is nearby!
The goblin shouts!
The goblin hits you with a dagger.
* * * LOW HITPOINT WARNING * * *
You hit the goblin.
The goblin is heavily wounded.
The goblin hits you with a dagger.
You die...

###............#...........######
...............##'#..#####.#
...............##.#........######
%.................#..............
..................#.....####..###
..................#.....#..#.P#
...........≈≈≈...##.....#..#.P#
....##...≈≈≈≈≈.g##.....##'#..###
...#....≈≈.≈≈.@................
......≈≈≈≈≈................⌠.
.......≈÷≈.........#+#####...
..................# ###
..................#
......#...........#
.##.......######(..P #########
#....


You could see a goblin.

Vanquished Creatures
  2 adders (D:2)
  3 oozes
  3 worms
  4 dart slugs
  2 giant geckos
  2 orcs
  6 bats
  7 giant cockroaches
  9 hobgoblins
  2 jackals (D:3)
  A quokka (D:2)
  2 ball pythons (D:3)
  A giant newt (D:2)
  9 goblins
  10 kobolds
  10 rats
73 creatures vanquished.

Notes
Turn   | Place    | Note
-------+----------+-------------------------------------------
     0 | D:1      | Jmtri7 the Demigod Assassin began the quest for the Orb.
     0 | D:1      | Reached XP level 1. HP: 17/17 MP: 3/3
    82 | D:1      | Reached skill level 4 in Stealth
   192 | D:1      | Reached XP level 2. HP: 21/24 MP: 4/4
   841 | D:2      | Reached XP level 3. HP: 29/29 MP: 5/5
  1010 | D:2      | Reached skill level 5 in Stealth
  1216 | D:2      | Found an oddly glowing altar of Pakellas.
  1511 | D:3      | Reached XP level 4. HP: 34/36 MP: 6/6
  1528 | D:3      | Found a sparkling altar of Nemelex Xobeh.
  1539 | D:3      | Found a snail-covered altar of Cheibriados.
  1539 | D:3      | Found a hazy altar of Hepliaklqana.
  1545 | D:3      | Found a stormy altar of Qazlal.
  1967 | D:3      | Found a hide-covered altar of Uskayaw.
  1967 | D:3      | Noticed a dagger
  1967 | D:3      | Noticed a hand axe
  2285 | D:3      | HP: 1/36 [worm (6)]
  2302 | D:3      | HP: 1/36 [worm (2)]
  2307 | D:3      | Reached skill level 6 in Stealth
  2351 | D:3      | Slain by a goblin

Vault maps used:
D:1:      ncdulo_lavacross
D:2:      nicolae_overflow_hidden_temple
D:3:      corexii_shack_village, dancing_weapons_uskayaw, minitemple,
          portal_sewer_entry_a

Skill      XL: |  1  2  3  4 |
---------------+-------------+-----
Stealth        | 4 5 6 |  6.0
Fighting       | |  1.7
Short Blades   | |  1.7
Throwing       | |  1.7
Dodging        | |  0.8

Action                   |  1- 3 |  4- 6 || total
-------------------------+-------+-------++-------
Melee: Dagger            |   115 |   128 ||   243
  Use: Scroll            |     2 |       ||     2
       Potion            |       |     2 ||     2
 Stab: Sleeping          |    21 |     2 ||    23
  Eat: Chunk             |     2 |     3 ||     5
Armor: Robe              |    14 |    40 ||    54
Dodge: Dodged            |    46 |   103 ||   149
